 Dungeon Crawl Stone Soup version 0.31-a0-626-g8143ab4f1d (webtiles) character file.

Game seed: 14278716798879304718

128 KarmaKiller the Grasshopper (level 5, -8/45 HPs)
             Began as a Naga Warper on Aug 24, 2023.
             Was an Initiate of Sif Muna.
             Mangled by Edmund
             ... wielding a +4 heavy flail
              (14 damage)
             ... on level 4 of the Dungeon.
             The game lasted 00:29:14 (2837 turns).

KarmaKiller the Grasshopper (Naga Warper)           Turns: 2837, Time: 00:29:15

Health: -8/45      AC:  7    Str: 19    XL:     5   Next: 11%
Magic:  2/8        EV:  9    Int: 16    God:    Sif Muna [......]
Gold:   145        SH:  0    Dex: 10    Spells: 3/9 levels left

rFire   . . .        t - +0 morningstar
rCold   . . .        (no shield)
rNeg    . . .        f - +0 ring mail
rPois   +            d - +0 helmet
rElec   .            i - +1 cloak
rCorr   .            (no gloves)
SInv    +            (no barding)
Will    .....        (no amulet) Stlth
                     j - +6 ring of strength
HPRegen 0.27/turn    (no ring)
MPRegen 0.11/turn

%: no passive effects
@: short of breath, very slightly contaminated, very slow
A: AC +1, large, see invisible, deformed body, poison resistance, slowness 2,
spit poison 1, naga tail 1
a: Spit Poison, Renounce Religion


You were on level 4 of the Dungeon.
You worshipped Sif Muna.
Sif Muna was noncommittal.
You visited 1 branch of the dungeon, and saw 4 of its levels.

You collected 145 gold pieces.

Inventory:

Hand Weapons
 a - a +1 falchion
 k - a +0 mace
 p - a +0 long sword
 s - a +0 short sword of protection
 t - a +0 morningstar (weapon)
Armour
 b - a +0 leather armour
 d - a +0 helmet (worn)
 e - an orb of guile
 f - a +0 ring mail (worn)
 h - a +0 chain mail
 i - a +1 cloak (worn)
Jewellery
 j - a +6 ring of strength (left hand)
Scrolls
 c - 2 scrolls of blinking
 q - a scroll of amnesia


   Skills:
 + Level 2.2 Fighting
 + Level 2.9 Long Blades
 + Level 1.1 Maces & Flails
 + Level 1.2 Throwing
 + Level 2.1 Armour
 + Level 1.8 Dodging
 + Level 0.1 Stealth
 + Level 2.5 Spellcasting
 + Level 0.2 Conjurations
 + Level 3.2 Translocations
 + Level 0.1 Transmutations


You had 3 spell levels left.
You knew the following spells:

 Your Spells              Type           Power      Damage    Failure   Level
a - Blink                 Tloc           24%        N/A       13%         2
b - Passwall              Tmut/Erth      1%         N/A       43%         2
c - Momentum Strike       Conj/Tloc      14%        3d8       24%         2

Your spell library contained the following spells:

 Spells                   Type           Power      Damage    Failure   Level
 Lesser Beckoning         Tloc           24%        N/A       13%         2
 Teleport Other           Tloc           12%        N/A       26%         3
 Vhi's Electric Charge    Tloc/Air       14%        N/A       45%         3
 Swiftness                Air            2%         N/A       69%         3
 Manifold Assault         Tloc           12%        N/A       65%         4
 Conjure Ball Lightning   Conj/Air       1%         3x3d6     100%        6
 Chain Lightning          Conj/Air       1%         3d1       100%        9


Dungeon Overview and Level Annotations

Branches:
Dungeon (4/15)
 Temple: D:4-7

Altars:
Sif Muna

Annotations:
D:4 Edmund, Ijyb


Innate Abilities, Weirdness & Mutations

Your serpentine skin is tough. (AC +1)
You have supernaturally acute eyesight. (SInv)
Armour fits poorly on your strangely shaped body.
Your system is resistant to poisons. (rPois)
You cover ground very slowly.
You can spit poison.
You have a snake-like lower body.


Message History

Nothing appears to happen.
You hit Edmund.
Edmund is heavily wounded.
You have got your breath back.
Edmund hits you with a +4 heavy flail!!
Casting: Momentum Strike (dangerous; 24% risk of failure)
Confirm with . or Enter, or press ? or * to list all spells.
You blink.
Edmund looks more healthy.
You feel better.
You closely miss Edmund. You punch Edmund, but do no damage.
Edmund is heavily wounded.
Edmund hits you with a +4 heavy flail!
* * * LOW HITPOINT WARNING * * *
Casting: Blink (safe; 13% risk of failure)
Confirm with . or Enter, or press ? or * to list all spells.
Aiming: Momentum Strike (dangerous; 24% risk of failure)
Press: ? - help, Dir - move target, f/p - Edmund
Aim: Edmund, wielding a +4 heavy flail and wearing a +0 scale mail (heavily wounded, 72% to hit)
You miscast Momentum Strike.
Nothing appears to happen.
Edmund barely misses you.
Aiming: Spit Poison (1% risk of failure)
Press: ? - help, Shift-Dir - straight line, f/p - Edmund
Aim: Edmund, wielding a +4 heavy flail and wearing a +0 scale mail (heavily wounded, 65% to hit)
The splash of poison hits Edmund but does no damage.
Edmund is poisoned.
Edmund is heavily wounded.
Edmund hits you with a +4 heavy flail!
* * * LOW HITPOINT WARNING * * *
You closely miss Edmund.
Edmund is heavily wounded.
You feel stable enough to blink again.
Okay, then.
Casting: Momentum Strike (dangerous; 24% risk of failure)
Confirm with . or Enter, or press ? or * to list all spells.
Okay, then.
You thump Edmund!
Edmund is severely wounded.
Edmund hits you with a +4 heavy flail!
You die...
Edmund says, "That'll show my brother!"

... #.# #.# #+#
#.# #.# #.# #.#
#.# ## ##.## #.#
...##...##
######.#
.........#
#..@@..#
.....<..##
#.######
.....#.#######.#
...............#
....############
...# ###


You could see Edmund (poisoned).

Vanquished Creatures
  An orc wizard (D:3)
  Robin (D:3)
  2 adders
  A worm (D:2)
  4 orcs (D:3)
  3 ball pythons (D:3)
  7 endoplasms
  A giant cockroach (D:1)
  14 goblins
  8 hobgoblins
  6 jackals
  A quokka (D:1)
  6 bats
  3 frilled lizards
  2 kobolds
  A rat (D:2)
61 creatures vanquished.

Notes
Turn   | Place    | Note
-------+----------+-------------------------------------------
     0 | D:1      | KarmaKiller the Naga Warper began the quest for the Orb.
     0 | D:1      | Reached XP level 1. HP: 19/19 MP: 3/3
   189 | D:1      | Reached skill level 1 in Armour
   227 | D:1      | Reached skill level 1 in Throwing
   473 | D:1      | Reached XP level 2. HP: 26/26 MP: 5/5
   476 | D:1      | Learned a level 2 spell: Blink
   884 | D:1      | Got the Guidebook on Remoulded Turbulence
   897 | D:1      | Learned a level 2 spell: Passwall
  1576 | D:2      | Reached XP level 3. HP: 32/32 MP: 6/6
  1916 | D:3      | Learned a level 2 spell: Momentum Strike
  1973 | D:3      | Reached XP level 4. HP: 39/39 MP: 4/7
  2239 | D:3      | Noticed Robin
  2246 | D:3      | Killed Robin
  2402 | D:3      | Found a shimmering blue altar of Sif Muna.
  2405 | D:3      | Became a worshipper of Sif Muna the Loreminder
  2667 | D:3      | Reached skill level 1 in Maces & Flails
  2667 | D:3      | Reached XP level 5. HP: 43/45 MP: 4/8
  2820 | D:4      | Noticed Edmund
  2821 | D:4      | Noticed Ijyb
  2837 | D:4      | Mangled by Edmund

Illustrated notes

Levels and vault maps discovered:
D:1:      dpeg_arrival_three_same_balls, layout_basic, amcnicky_mini_pool_small
D:2:      layout_basic
D:3:      layout_rooms, lemuel_blue_sif_altar, uniq_robin
D:4:      layout_loops_corners, uniq_ijyb, uniq_menkaure, uniq_edmund,
          uniq_duvessa

Skill      XL: |  1  2  3  4 |
---------------+-------------+-----
Armour         | 1 2 |  2.1
Throwing       | 1 |  1.2
Maces & Flails | 1 |  1.1
Fighting       | |  2.2
Long Blades    | |  2.9
Dodging        | |  1.8
Stealth        | |  0.1
Spellcasting   | |  2.5
Conjurations   | |  0.2
Translocations | |  3.2
Transmutations | |  0.1

Action                     |  1- 3 |  4- 6 || total
---------------------------+-------+-------++-------
  Melee: Falchion          |    37 |       ||    37
         Mace              |    35 |    57 ||    92
         Punch             |     1 |     3 ||     4
         Morningstar       |       |     6 ||     6
  Throw: Dart              |     6 |     1 ||     7
   Cast: Blink             |     2 |     2 ||     4
         Momentum Strike   |     2 |     8 ||    10
Ability: Spit Poison       |    24 |    12 ||    36
    Use: Scroll            |     3 |     3 ||     6
         Potion            |     2 |     3 ||     5
 Armour: Chain mail        |     5 |       ||     5
         Ring mail         |    31 |    42 ||    73
  Dodge: Dodged            |    36 |    34 ||    70

Table legend: (Time is in decaauts)
 A = Elapsed time spent in this place.
 B = Non-inter-level travel time spent in this place.
 C = Inter-level travel time spent in this place.
 D = Time resting spent in this place.
 E = Time spent auto-exploring this place.
 F = Levels seen in this place.
 G = Mean time per level.
                   A        B        C        D        E       F      G
               +--------+--------+--------+--------+--------+-----+--------+
         Total |   3721 |   3602 |    119 |    384 |      0 |   4 |  930.2 |
       Dungeon |   3721 |   3602 |    119 |    384 |      0 |   4 |  930.2 |
               +--------+--------+--------+--------+--------+-----+--------+

Top non-repeatable levels by time:
     D:1: 1329 daAuts
     D:3: 1207 daAuts
     D:2: 1124 daAuts
     D:4: 59 daAuts
